 Dungeon Crawl Stone Soup version 0.20-b1-2-gc5a9893 (webtiles) character file.

128 Goblin1989 the Covert (level 4, -3/22 HPs)
             Began as a Spriggan Assassin on May 22, 2017.
             Slain by a wight
             ... wielding a +3 spear
              (6 damage)
             ... on level 8 of the Dungeon.
             The game lasted 00:08:25 (1277 turns).

Goblin1989 the Covert (Spriggan Assassin)           Turns: 1277, Time: 00:08:25

Health: -3/22      AC:  3    Str:  7    XL:     4   Next: 87%
Magic:  5/5        EV: 17    Int: 12    God:
Gold:   109        SH:  0    Dex: 18    Spells: 3/3 levels left

rFire    . . .     SeeInvis +   a - +2 dagger
rCold    . . .     Gourm    +   (shield restricted)
rNeg     . . .     Faith    .   c - +0 robe
rPois    .         Spirit   .   (helmet restricted)
rElec    .         Reflect  .   d - +0 cloak
rCorr    .         Harm     .   (gloves unavailable)
MR       .....                  (boots unavailable)
Stlth    ++++......             s - amulet of the gourmand
Regen    0.1/turn               (no ring)
MPRegen  0.1/turn               (no ring)

@: very quick
A: unfitting armour, see invisible, herbivore 3, speed 3, slow metabolism 2
a: no special abilities


You were on level 8 of the Dungeon.
You were not hungry.

You visited 1 branch of the dungeon, and saw 8 of its levels.

You collected 109 gold pieces.

Inventory:

Hand Weapons
 a - a +2 dagger (weapon)
 b - a +0 club
 f - a +0 giant club
 i - a +0 hand axe
 j - a +0 club
 k - a +0 hunting sling
 w - a +0 blowgun {@w1}
 A - a +0 falchion
 B - a +0 short sword
 C - a +0 short sword
Missiles
 g - 20 poisoned needles
 h - 14 arrows
 q - 6 curare-tipped needles
 v - 28 stones (quivered)
 G - 15 bolts
Armour
 c - a +0 robe (worn)
 d - a +0 cloak (worn)
 n - a +0 buckler
 o - a +0 ring mail
 r - a +0 leather armour
 x - a +0 leather armour
 D - a +0 leather armour
 E - a +0 robe
 J - the +3 leather armour of the Cast Vote {rF++ rC+ MR+ Stlth-, unknown}
   (You found it on level 8 of the Dungeon)

   It greatly protects you from fire.
   It protects you from cold.
   It affects your resistance to hostile enchantments.
   It makes you less stealthy.
Magical Staves
 p - an uncursed staff of summoning {unknown}
Jewellery
 s - an amulet of the gourmand (around neck)
Scrolls
 y - a scroll of immolation {unknown}
 z - a scroll of amnesia {unknown}
 F - a scroll of blinking {unknown}
 H - a scroll of enchant armour {unknown}
 I - a scroll of fog {unknown}
Potions
 m - a potion of invisibility {unknown}
 t - a potion of heal wounds {unknown}
Books
 u - a book of Summonings

   Spells                             Type                      Level
   a - Recall                         Summoning/Translocation      3
   b - Aura of Abjuration             Summoning                    5
   c - Summon Demon                   Summoning                    5
   d - Summon Forest                  Summoning/Translocation      5
   e - Summon Mana Viper              Hexes/Summoning              5
   f - Shadow Creatures               Summoning                    6
Comestibles
 e - a bread ration {@e1}
 l - 2 meat rations {@e2}


   Skills:
 - Level 1.5 Fighting
 - Level 2.1 Short Blades
 - Level 2.0 Throwing
 - Level 1.5 Dodging
 + Level 9.5 Stealth


You had 3 spell levels left.
You didn't know any spells.

Dungeon Overview and Level Annotations

Branches:
Dungeon (8/15)
 Temple: D:4-7         Lair: D:8-11

Altars:
Vehumet

Annotations:
D:3 exclusion: Sigmund, Sigmund; josao's ghost, amateur DsGl
D:4 Grinder
D:5 exclusion: Eustachio, Eustachio


Innate Abilities, Weirdness & Mutations

You are very small and have problems with some larger weapons.
You are too small for most types of armour.
You have supernaturally acute eyesight. (SInv)
You are a herbivore.
You cover ground extremely quickly.
You need consume almost no food.


Message History

You start resting.
HP restored.
Health restored: 22
Things that are here:
an orc corpse x2
g - 20 poisoned needles (gained 12)
You see here a robe.
E - a robe
Found an escape hatch in the ceiling.
There is an escape hatch in the ceiling here.
F - a scroll labeled LUOFIU CYATT
Found a stone staircase leading down.
There is a stone staircase leading down here.
Marking area around Eustachio as unsafe for travelling.
Eustachio the Magnificent comes into view.
He is wielding a rapier.
There is a stone staircase leading down here.
You climb downwards.
There is a stone staircase leading up here.
You open the door.
A hobgoblin comes into view.
Found a radiant altar of Vehumet.
There is an open door here.
Unknown command.
You close the door.
You see here 15 bolts.
G - 15 bolts
Found an escape hatch in the floor.
Put on which piece of jewellery? (? for menu, Esc to quit)
You feel a craving for the dungeon's cuisine.
s - an amulet of the gourmand (around neck)
There is an escape hatch in the floor here.
You slide downwards.
The hatch slams shut behind you.
An orc comes into view. It is wielding a mace.
An adder comes into view.
A hound comes into view.
A quokka comes into view.
The hound barks!
The helpless quokka fails to defend itself.
You spit the quokka like a pig!!!
You kill the quokka!
A jackal comes into view.
A centaur skeleton comes into view.
An orc comes into view. It is wielding a flail.
The orc shouts!
H - a scroll labeled HYDEXA DEPTAF
Found an escape hatch in the floor.
Found a stone staircase leading down.
There is a stone staircase leading down here.
You climb downwards.
A worker ant comes into view.
There is a stone staircase leading up here.
The helpless worker ant fails to defend itself.
You perforate the worker ant like a sieve!!!
You kill the worker ant!
Unknown command.
Found a stone staircase leading up.
I - a scroll labeled SAYDGH KEUPYAF You now have 78 gold pieces (gained 21).
You now have 95 gold pieces (gained 17).
There is a stone staircase leading up here.
You climb upwards.
An adder comes into view.
There is a stone staircase leading down here.
Unknown command.
You climb downwards.
There is a stone staircase leading up here.
l - 2 meat rations {@e2} (gained 1)
A wight comes into view. It is wielding a flail.
You now have 109 gold pieces (gained 14).
You found a teleport trap!
Really walk into that teleport trap? [Y]es or [N]o only, please.
Really walk into that teleport trap? [Y]es or [N]o only, please.
Really walk into that teleport trap? [Y]es or [N]o only, please.
Really walk into that teleport trap?
Okay, then.
An adder comes into view.
A hound comes into view.
An adder comes into view.
The hound bites you but does no damage.
You see here a dazzling leather armour.
J - a dazzling leather armour An orc comes into view.
Found a stone staircase leading up.
A shadow imp comes into view.
A wight comes into view. It is wielding an enchanted spear.
The orc shouts!
You hear an angry hiss.
A wight comes into view. It is wielding an enchanted dire flail.
The orc misses you. The shadow imp hits you.
You take 5 damage, and have 17/22 hp.
MASSIVE DAMAGE!!
There is a stone staircase leading up here.
The shadow imp gestures at you. Pain shoots through your body!
Ouch! That really hurt!
* * * LOW HITPOINT WARNING * * *
The wight hits you with an enchanted spear.
You die...

█...............█.█
██████████████████.█.█
█████████.......████ █.█.█
█..............$.... █.█.██
█.███...........██ ██.█...
██.██............███.█████...██.
██h..█..███...h.......█..........
...█....█ █....o5z██..█.███...██.
██..$██.█ █.....@z...........███.
██.███.█ ██████████z........█ █.
█.███.█ z█.██████ █. ...█.█
.█.████████^ █████.█.███████
.█S..."....... ....█.█.......█
█.█.█████████.
███......████.██████.█.█ █.
█...██.█ █.......(█.█ █.
.........█ ██████...█.█ █.


You could see a hound, 3 wights, a shadow imp and an orc.

Vanquished Creatures
  An ogre (D:4)
  A worker ant (D:8)
  A leopard gecko (D:4)
  5 orcs (D:5)
  A giant cockroach (D:2)
  2 goblins
  A kobold (D:2)
  A quokka (D:7)
  A bat (D:1)
14 creatures vanquished.

Notes
Turn   | Place    | Note
-------+----------+-------------------------------------------
     0 | D:1      | Goblin1989 the Spriggan Assassin began the quest for the Orb.
     0 | D:1      | Reached XP level 1. HP: 10/10 MP: 2/2
    27 | D:1      | Reached skill level 6 in Stealth
   170 | D:3      | Noticed josao's ghost (amateur DsGl)
   175 | D:3      | Noticed Sigmund
   244 | D:4      | Noticed a hound
   267 | D:4      | Noticed an ogre
   293 | D:4      | Killed an ogre
   293 | D:4      | Reached skill level 8 in Stealth
   293 | D:4      | Reached XP level 2. HP: 14/14 MP: 3/3
   293 | D:4      | Reached XP level 3. HP: 18/18 MP: 4/4
   293 | D:4      | Reached XP level 4. HP: 22/22 MP: 5/5
   369 | D:4      | Noticed Grinder
   581 | D:5      | Entered Level 5 of the Dungeon
   613 | D:5      | Reached skill level 9 in Stealth
   898 | D:5      | Noticed Eustachio
   923 | D:6      | Found a radiant altar of Vehumet.
  1263 | D:8      | Got a dazzling leather armour
  1277 | D:8      | Slain by a wight

Skill      XL: |  1  2  3  4 |
---------------+-------------+-----
Stealth        | 8 9 |  9.5
Fighting       | |  1.5
Short Blades   | |  2.1
Throwing       | |  2.0
Dodging        | |  1.5

Action                   |  1- 3 |  4- 6 || total
-------------------------+-------+-------++-------
Melee: Dagger            |    14 |    41 ||    55
 Fire: Blowgun           |     7 |       ||     7
 Stab: Sleeping          |     2 |     3 ||     5
Armor: Robe              |     1 |     4 ||     5
Dodge: Dodged            |     7 |    22 ||    29

Vault maps used:
D:1:      minmay_arrival_stair_chambers
D:2:      minmay_stone_trees_small, kennysheep_another_room, uniq_robin
D:3:      gup_sewer_entry_glass, uniq_sigmund
D:4:      uniq_duvessa, uniq_grinder, uniq_ijyb
D:5:      minmay_temple_entry_from_below_b, first_bread, serial_park_tiny_1,
          uniq_eustachio
D:6:      vehumet_altar_wand_db
D:7:      the_bakery, minmay_checkerbox
